 Dungeon Crawl Stone Soup version 0.24.0-13-gcf9b3192b9 (webtiles) character file.

Game seed: 11792875591450934112, levelgen mode: deterministic

456 Amplified the Skirmisher (level 7, -1/55 HPs)
             Began as a Formicid Warper on Nov 8, 2019.
             Killed from afar by an orc wizard (9 damage)
             ... with a magic dart
             ... on level 7 of the Dungeon.
             The game lasted 00:08:21 (3711 turns).

Amplified the Skirmisher (Formicid Warper)          Turns: 3711, Time: 00:08:22

Health: -1/55      AC:  9    Str: 18    XL:     7   Next: 27%
Magic:  10/10      EV: 11    Int: 12    God:
Gold:   175        SH:  0    Dex: 10    Spells: 10/10 levels left

rFire    . . .     SeeInvis +   a - +1 mace
rCold    . . .     Gourm    .   (no shield)
rNeg     . . .     Faith    .   k - +1 ring mail
rPois    .         Spirit   .   (helmet unavailable)
rElec    .         Reflect  .   (no cloak)
rCorr    .         Harm     .   (no gloves)
MR       .....                  (no boots)
Stlth    ..........             (no amulet)
HPRegen  0.18/turn              i - +3 ring of protection
MPRegen  0.12/turn              (no ring)

@: no status effects
A: permanent stasis, dig shafts and tunnels, four strong arms, antennae 3
a: Dig, Shaft Self


You were on level 7 of the Dungeon.
You were not hungry.

You visited 2 branches of the dungeon, and saw 9 of its levels.

You collected 175 gold pieces.

Inventory:

Hand Weapons
 a - a +1 mace (weapon)
Armour
 k - a +1 ring mail (worn)
Jewellery
 i - a +3 ring of protection (left hand)
Scrolls
 b - 2 scrolls of remove curse
 j - a scroll of magic mapping
 l - 2 scrolls of amnesia
 m - a scroll of teleportation
Potions
 h - a potion of flight
Comestibles
 f - 6 rations


   Skills:
 * Level 4.4 Fighting
 * Level 4.1 Maces & Flails
 - Level 1.0 Throwing
 + Level 3.0 Armour
 + Level 3.1 Dodging
 - Level 2.1 Spellcasting
   Level 2.6 Translocations
   Level 2.6 Evocations


You had 10 spell levels left.
You didn't know any spells.
Your spell library contained the following spells:

 Spells                   Type           Power        Failure   Level  Hunger
 Shroud of Golubria       Chrm/Tloc      #.....       38%         2    ###....
 Corona                   Hex            #......      43%         1    ##.....
 Gell's Gravitas          Tloc           #.........   43%         3    ####...
 Lesser Beckoning         Tloc           #.........   43%         3    ####...
 Teleport Other           Tloc           #.......     43%         3    ####...
 Ensorcelled Hibernation  Hex/Ice        #.....       56%         2    ###....
 Confuse                  Hex            #.......     80%         3    ####...
 Dazzling Spray           Conj/Hex       #.....       80%         3    ####...
 Tukima's Dance           Hex            #.......     80%         3    ####...
 Passage of Golubria      Tloc           N/A          83%         4    #####..
 Blink                    Tloc           Unusable     N/A         2    N/A

Dungeon Overview and Level Annotations

Branches:
Dungeon (8/15)             Temple (1/1) D:7
   Lair: D:8-11

Altars:
Dithmenos
Elyvilon
Fedhas
Gozag
Hepliaklqana
Kikubaaqudgha
Ru
Sif Muna
Uskayaw
Vehumet
Wu Jian
Xom
Yredelemnul
Zin
The Shining One

Annotations:
D:5 Dowan


Innate Abilities, Weirdness & Mutations

You cannot be hasted, slowed, berserked, paralysed or teleported.
You can dig through walls and to a lower floor.
Your four strong arms can wield two-handed weapons with a shield.
You have a pair of large antennae on your head. (SInv)


Message History

You barely miss the iguana.
The iguana is almost dead.
The iguana bites you.
* * * LOW HITPOINT WARNING * * *
You closely miss the iguana.
The iguana is almost dead.
The iguana barely misses you.
Unknown command.
The orc shouts!
The orc barely misses you. The orc closely misses you.
The orc hits you but does no damage.
There is a fountain of clear blue water here.
Found a stone staircase leading down.
An orc wizard comes into view. It is wielding a +0 dagger.
The orc wizard shouts!
You hear a shout! x3
The orc hits you but does no damage.
The orc wizard points at you and mumbles some strange words.
The magic dart hits you!
You die...

(...+..........#.......#
#...#..........#.......#
*...#.........⌠........#
*...#..................#
*...####+#..⌠.>.⌠......#
*.."##...#.............#
*...#.........⌠.l......#
*,,,#..........#o......#
*,,,#..........#@......#
*,,,#######...{#.......#
*,,,**,,,*#....#.......#
,,,,,,,,,*#....#.......#
,,,,,,,,,*#....#..>....#
,,,,,,,,,+.....#o......#
*#+##******,,,,'.......#
*...#*,,,**,,,,#.......#
#...+,,,,,,,,,,*,,,,,,,*


You could see an iguana, an orc wizard and an orc.

Vanquished Creatures
  Duvessa (D:5)
  A phantom (D:7)
  An ice beast (D:5)
  A crimson imp (D:6)
  A bullfrog skeleton (D:4)
  A hound skeleton (D:4)
  2 adders
  2 oozes
  A worm (D:2)
  3 dart slugs
  6 leopard geckos
  3 giant cockroaches
  4 goblins (D:1)
  2 hobgoblins
  7 jackals
  10 kobolds
  A quokka (D:7)
  A ball python skeleton (D:4)
  9 bats
  5 frilled lizards
  7 rats
69 creatures vanquished.

Notes
Turn   | Place    | Note
-------+----------+-------------------------------------------
     0 | D:1      | Amplified the Formicid Warper began the quest for the Orb.
     0 | D:1      | Reached XP level 1. HP: 16/16 MP: 3/3
    30 | D:1      | Reached XP level 2. HP: 22/23 MP: 5/5
   422 | D:1      | Reached XP level 3. HP: 28/28 MP: 6/6
   988 | D:2      | Reached XP level 4. HP: 14/34 MP: 7/7
  2390 | D:3      | Reached skill level 1 in Evocations
  2722 | D:4      | Reached XP level 5. HP: 38/41 MP: 8/8
  2969 | D:5      | Entered Level 5 of the Dungeon
  3001 | D:5      | Noticed an ice beast
  3012 | D:5      | Killed an ice beast
  3012 | D:5      | Reached XP level 6. HP: 48/48 MP: 9/9
  3021 | D:5      | Noticed Duvessa
  3021 | D:5      | Noticed Dowan
  3043 | D:5      | Killed Duvessa
  3061 | D:5      | You fall into a shaft and drop 3 floors!
  3067 | D:8      | Noticed an orc warrior
  3079 | D:7      | Noticed an orc warrior
  3127 | D:6      | Reached XP level 7. HP: 29/54 MP: 10/10
  3139 | D:6      | You fall into a shaft and drop 1 floor!
  3139 | D:7      | Found a basalt altar of Yredelemnul.
  3205 | D:7      | Found a staircase to the Ecumenical Temple.
  3214 | Temple   | Entered the Ecumenical Temple
  3681 | D:7      | HP: 2/55 [iguana (2)]
  3711 | D:7      | Killed from afar by an orc wizard

Levels and vault maps discovered:
D:1:      dpeg_arrival_orchard, layout_basic
D:2:      layout_loops_corners, serial_rivers, chequers_serial_rivers_large_a,
          chequers_serial_rivers_micro_c, chequers_serial_rivers_small_a,
          chequers_serial_rivers_marsh, chequers_serial_rivers_room_a,
          hangedman_abyss_or_decor_stabs
D:3:      layout_basic
D:4:      layout_basic, first_ration, serial_glass, glass_columns_a,
          glass_columns_a, glass_columns_a, glass_columns_a, glass_columns_a,
          glass_columns_c, ebering_dispersal_statue_hall, moated_statue
D:5:      layout_basic, evilmike_ruin_ashenzari,
          nicolae_overflow_quartered_altars, uniq_blork_the_orc,
          uniq_crazy_yiuf_cottage, uniq_duvessa, uniq_edmund, uniq_eustachio
D:6:      layout_rooms, corexii_shack
D:7:      layout_gridville, overflow_temple_1_default, temple_fountains
D:8:      layout_loops_ring, nemelex_xobeh_ov_fountains_minmay,
          lemuel_round_altar
Temple:   eino_temple_lava

Skill      XL: |  1  2  3  4  5  6  7 |
---------------+----------------------+-----
Dodging        | 2 3 |  3.1
Armour         | 2 3 |  3.0
Fighting       | 3 4 |  4.4
Evocations     | 1 2 |  2.6
Maces & Flails | 3 4 |  4.1
Throwing       | |  1.0
Spellcasting   | |  2.1
Translocations | |  2.6

Action                   |  1- 3 |  4- 6 |  7- 9 || total
-------------------------+-------+-------+-------++-------
Melee: Mace              |    97 |   150 |    48 ||   295
Throw: Boomerang         |     5 |       |       ||     5
       Javelin           |     2 |     1 |     3 ||     6
       Dart              |       |     3 |     1 ||     4
 Abil: Dig               |     2 |     3 |     3 ||     8
       Shaft Self        |       |     1 |     1 ||     2
Evoke: Wand              |       |     9 |       ||     9
  Use: Potion            |     4 |     4 |       ||     8
       Scroll            |     3 |     8 |       ||    11
 Stab: Paralysed         |       |    16 |       ||    16
  Eat: Chunk             |       |     3 |     1 ||     4
       Ration            |       |     2 |     1 ||     3
Armor: Leather armour    |    13 |       |       ||    13
       Ring mail         |    23 |    83 |    17 ||   123
Dodge: Dodged            |    66 |   130 |    20 ||   216
